 Dungeon Crawl Stone Soup version 0.29.0-4-gdea44cf6ec (webtiles) character file.

Game seed: 13100162588384937258

149 qw the Chopper (level 5, -1/30 HPs)
             Began as a Tengu Warper on Aug 28, 2022.
             Was an Initiate of Okawaru.
             Killed from afar by an orc wizard (7 damage)
             ... with a magic dart
             ... on level 3 of the Dungeon.
             The game lasted 00:00:20 (3444 turns).

qw the Chopper (Tengu Warper)                       Turns: 3444, Time: 00:00:21

Health: -1/30      AC:  7    Str: 14    XL:     5   Next: 31%
Magic:  9/9        EV:  9    Int: 13    God:    Okawaru [......]
Gold:   152        SH:  8    Dex: 13    Spells: 8/8 levels left

rFire   . . .      SeeInvis .   Y - +0 war axe
rCold   . . .      Faith    .   h - +0 kite shield
rNeg    . . .      Spirit   .   f - +0 scale mail
rPois   .          Reflect  .   (helmet restricted)
rElec   .          Harm     .   (no cloak)
rCorr   .          Rampage  .   e - +0 pair of gloves
Will    .....                   (boots unavailable)
Stlth   ..........              (no amulet)
HPRegen 0.10/turn               (no ring)
MPRegen 0.11/turn               (no ring)

@: flying quickly and evasively, quick
A: beak, talons 3, nimble flight
a: Renounce Religion


You were on level 3 of the Dungeon.
You worshipped Okawaru.
Okawaru was noncommittal.
You visited 1 branch of the dungeon, and saw 3 of its levels.

You collected 180 gold pieces.
You spent 28 gold pieces at shops.


Innate Abilities, Weirdness & Mutations

You have a beak for a mouth.
You have claws for feet.
Your magical nature lets you fly swiftly and evasively.


   Skills:
 - Level 2.0 Fighting
 + Level 4.6 Axes
 - Level 1.0 Throwing
 - Level 1.1 Armour
 - Level 2.1 Dodging
 - Level 3.0 Shields
 - Level 2.0 Spellcasting
 - Level 2.4 Translocations


You had 8 spell levels left.
You didn't know any spells.
Your spell library contained the following spells:

 Spells                   Type           Power      Damage    Failure   Level
 Blink                    Tloc           14%        N/A       90%         2
 Gell's Gravitas          Tloc           7%         N/A       99%         3
 Lesser Beckoning         Tloc           7%         N/A       99%         3
 Teleport Other           Tloc           7%         N/A       99%         3
 Manifold Assault         Tloc           7%         N/A       100%        5

Inventory:

Hand Weapons
 g - a +0 flail
 Y - a +0 war axe (weapon)
Missiles
 k - 3 boomerangs (quivered)
Armour
 c - a +0 chain mail
 e - a +0 pair of gloves (worn)
 f - a +0 scale mail (worn)
 h - a +0 kite shield (worn)
Scrolls
 d - a scroll of enchant armour {unknown}
 i - 2 scrolls of identify
Potions
 a - a potion of heal wounds {unknown}
 b - a potion of resistance {unknown}
 j - a potion of haste {unknown}
 l - a potion of berserk rage {unknown}
 m - a potion of degeneration {unknown}

Dungeon Overview and Level Annotations

Branches:
Dungeon (3/15)

Altars:
Okawaru
Xom

Shops:
D:1 ?


Message History

The orc barely misses you. The orc wizard casts a spell at you.
The puff of flame hits you!
You miss the orc. You claw the orc.
You kill the orc!
Okawaru accepts your kill.
You hit the orc wizard. The orc wizard completely misses you.
The orc wizard hits you but does no damage.
You bump into the rock wall.
The orc wizard hits you but does no damage.
You bump into the rock wall.
The orc wizard hits you but does no damage.
You hit the orc wizard. Your kick misses the orc wizard.
The orc wizard is severely wounded.
You feel less confused. You block the orc wizard's attack.
You completely miss the orc wizard.
You claw the orc wizard, but do no damage.
You peck the orc wizard.
The orc wizard is almost dead.
The orc wizard hits you but does no damage.
The orc wizard gestures wildly while chanting.
The orc wizard flickers and vanishes!
Deactivating autopickup; reactivate with Ctrl-A.
You miss something. Your kick misses something.
You hear some strange, mumbled words.
A puff of flame appears from out of thin air!
You block the puff of flame.
You barely miss something. Your kick misses something.
Something hits you but does no damage. Something hits you.
You closely miss something. Something hits you but does no damage.
You miss something. Your peck misses something.
Something hits you but does no damage.
You closely miss something.
You hear some strange, mumbled words.
A magic dart appears from out of thin air!
The magic dart hits you!
You die...

.¤¤...~.#.#.#
..~.8¤¤.#.#.#.........#
........#.#.#.........##
..........#.#...........
##......###.#..........#
##......###.#..........#
##........#.#.........#
##......#.#.#..)){....#
##..........# #.@#
##..........###.##
#####.......#...# #
#.........### #
#######>.## ####


There were no monsters in sight!

Vanquished Creatures
  Terence (D:2)
  4 gnolls
  2 dart slugs (D:1)
  6 orcs (D:3)
  7 endoplasms
  6 giant cockroaches
  2 goblins (D:3)
  5 hobgoblins (D:1)
  7 jackals
  10 kobolds
  2 quokkas
  8 ball pythons
  3 bats
  4 frilled lizards
  8 rats
75 creatures vanquished.

Notes
Turn   | Place    | Note
-------+----------+-------------------------------------------
     0 | D:1      | qw the Tengu Warper began the quest for the Orb.
     0 | D:1      | Reached XP level 1. HP: 12/12 MP: 4/4
     0 | D:1      | 0 ||| qw: Version: 0.1-a-89-g26bdef1
     0 | D:1      | 0 ||| qw: Game counter: 2624
     0 | D:1      | 0 ||| qw: Always use a shield: true
     0 | D:1      | 0 ||| qw: God list: Okawaru
     0 | D:1      | 0 ||| qw: Allow faded altars: false
     0 | D:1      | 0 ||| qw: Do Orc after D:15 true
     0 | D:1      | 0 ||| qw: Do second Lair branch before Depths: true
     0 | D:1      | 0 ||| qw: Lair rune preference: random
     0 | D:1      | 0 ||| qw: Plans: Normal
     0 | D:1      | 0 ||| PLANNING D:1-11
    36 | D:1      | HP: 2/12 [gnoll/+0 club (3)]
    38 | D:1      | Reached skill level 3 in Axes
    38 | D:1      | Reached XP level 2. HP: 3/17 MP: 6/6
   392 | D:1      | Found a faded altar of an unknown god.
   563 | D:1      | Found Daewus's Magic Scroll Emporium.
   571 | D:1      | Reached XP level 3. HP: 19/21 MP: 7/7
   616 | D:1      | 616 ||| Stepping ~*~*~tactically~*~*~ (stealth).
   617 | D:1      | 617 ||| Stepping ~*~*~tactically~*~*~ (stealth).
   618 | D:1      | 618 ||| Stepping ~*~*~tactically~*~*~ (stealth).
   675 | D:1      | 675 ||| Stepping ~*~*~tactically~*~*~ (hiding).
   777 | D:1      | 777 ||| Stepping ~*~*~tactically~*~*~ (hiding).
   879 | D:1      | 879 ||| Stepping ~*~*~tactically~*~*~ (hiding).
   882 | D:1      | 882 ||| Stepping ~*~*~tactically~*~*~ (hiding).
   890 | D:1      | Reached skill level 4 in Axes
  1010 | D:1      | 1010 ||| BUYING scroll of identify (28 gold).
  1010 | D:1      | Bought a scroll of identify for 28 gold pieces
  1010 | D:1      | 1010 ||| SHOPLISTING scroll of identify (28 gold, have 2).
  1544 | D:1      | 1544 ||| DROPPING +0 club.
  1698 | D:1      | 1698 ||| UPGRADING to +0 ring mail.
  1708 | D:1      | 1708 ||| DROPPING +0 leather armour.
  1709 | D:1      | 1709 ||| UPGRADING to +0 kite shield.
  1714 | D:1      | 1714 ||| READING scroll labelled NEPLUS TURHOG.
  1715 | D:1      | 1715 ||| READING scroll labelled YLOMAU MAMONAASM.
  1716 | D:1      | 1716 ||| READING scroll labelled TYRHEUS HAKKA.
  1717 | D:1      | 1717 ||| READING 2 scrolls of identify.
  1717 | D:1      | 1717 ||| IDENTIFYING silvery potion
  1718 | D:1      | 1718 ||| DROPPING scroll of blinking.
  1719 | D:1      | 1719 ||| DROPPING potion of flight.
  1752 | D:2      | 1752 ||| STAIRDANCE
  1807 | D:2      | Reached XP level 4. HP: 26/26 MP: 8/8
  1819 | D:2      | Noticed Terence
  1829 | D:2      | Killed Terence
  1830 | D:2      | Reached skill level 1 in Shields
  1830 | D:2      | 1830 ||| Stepping ~*~*~tactically~*~*~ (stealth).
  1831 | D:2      | 1831 ||| Stepping ~*~*~tactically~*~*~ (stealth).
  1832 | D:2      | 1832 ||| Stepping ~*~*~tactically~*~*~ (stealth).
  1833 | D:2      | 1833 ||| Stepping ~*~*~tactically~*~*~ (stealth).
  1834 | D:2      | 1834 ||| Stepping ~*~*~tactically~*~*~ (stealth).
  1835 | D:2      | 1835 ||| Stepping ~*~*~tactically~*~*~ (stealth).
  2040 | D:2      | 2040 ||| SWAPPING to +0 war axe.
  2041 | D:2      | 2041 ||| DROPPING +0 hand axe of draining.
  2222 | D:2      | 2222 ||| DROPPING +0 whip.
  2273 | D:2      | Gained mutation: Your magical nature lets you fly swiftly
                  | and evasively. [Tengu growth]
  2273 | D:2      | Reached XP level 5. HP: 30/30 MP: 9/9
  2340 | D:2      | 2340 ||| FLEEEEING.
  2341 | D:2      | 2341 ||| FLEEEEING.
  2342 | D:2      | 2342 ||| FLEEEEING.
  2343 | D:2      | 2343 ||| FLEEEEING.
  2344 | D:2      | 2344 ||| FLEEEEING.
  2345 | D:2      | 2345 ||| FLEEEEING.
  2346 | D:2      | 2346 ||| FLEEEEING.
  2347 | D:2      | 2347 ||| FLEEEEING.
  2348 | D:2      | 2348 ||| FLEEEEING.
  2349 | D:2      | 2349 ||| FLEEEEING.
  2350 | D:2      | 2350 ||| FLEEEEING.
  2351 | D:2      | 2351 ||| FLEEEEING.
  2352 | D:2      | 2352 ||| FLEEEEING.
  2353 | D:2      | 2353 ||| FLEEEEING.
  2354 | D:2      | 2354 ||| FLEEEEING.
  2355 | D:2      | 2355 ||| FLEEEEING.
  2356 | D:2      | 2356 ||| FLEEEEING.
  2360 | D:2      | 2360 ||| FLEEEEING.
  2361 | D:2      | 2361 ||| FLEEEEING.
  2364 | D:2      | 2364 ||| STAIRDANCE
  2402 | D:1      | 2402 ||| UPGRADING to +0 pair of gloves.
  2407 | D:1      | 2407 ||| UPGRADING to +0 scale mail.
  2417 | D:1      | 2417 ||| DROPPING +0 ring mail.
  2418 | D:1      | 2418 ||| READING scroll labelled UNALECS FOMN.
  2419 | D:1      | 2419 ||| READING 2 scrolls of identify.
  2419 | D:1      | 2419 ||| IDENTIFYING murky sapphire potion
  2420 | D:1      | 2420 ||| DROPPING potion of magic.
  2653 | D:2      | 2653 ||| READING scroll labelled LOCUCY YCRE.
  2797 | D:3      | 2797 ||| Stepping ~*~*~tactically~*~*~ (stealth).
  2828 | D:3      | 2828 ||| Stepping ~*~*~tactically~*~*~ (stealth).
  2973 | D:3      | Reached skill level 3 in Shields
  2976 | D:3      | Found a shimmering altar of Xom.
  2977 | D:3      | 2977 ||| Stepping ~*~*~tactically~*~*~ (stealth).
  3051 | D:3      | Found an iron altar of Okawaru.
  3059 | D:3      | Became a worshipper of Warmaster Okawaru
  3137 | D:3      | 3137 ||| Stepping ~*~*~tactically~*~*~ (stealth).
  3425 | D:3      | 3425 ||| Stepping ~*~*~tactically~*~*~ (hiding).
  3434 | D:3      | HP: 6/30 [orc wizard/puff of flame (8)]
  3441 | D:3      | HP: 5/30 [something (2)]
  3444 | D:3      | Killed from afar by an orc wizard

Levels and vault maps discovered:
D:1:      psy_arrival_heroes, layout_basic, serial_shops,
          nicolae_shop_hallway_plus, hellmonk_ecumenical_altar_heavens_door
D:2:      layout_rooms, uniq_terence
D:3:      layout_basic, mainiacjoe_overflow_catwalk,
          mainiacjoe_overflow_tiny_flanked, reono_crystal_passage, hex_large

Skill      XL: |  1  2  3  4  5 |
---------------+----------------+-----
Axes           | 3 4 |  4.6
Shields        | 2 3 |  3.0
Fighting       | |  2.0
Throwing       | |  1.0
Armour         | |  1.1
Dodging        | |  2.1
Spellcasting   | |  2.0
Translocations | |  2.4

Action                   |  1- 3 |  4- 6 || total
-------------------------+-------+-------++-------
Melee: Hand axe          |    91 |    16 ||   107
       Kick              |    20 |    13 ||    33
       Peck              |    14 |     8 ||    22
       Punch             |     1 |       ||     1
       War axe           |       |    65 ||    65
Throw: Boomerang         |     7 |    28 ||    35
  Use: Scroll            |     4 |     3 ||     7
Armor: Leather armour    |    16 |       ||    16
       Ring mail         |     2 |    11 ||    13
       Scale mail        |       |    18 ||    18
Dodge: Dodged            |    38 |    32 ||    70
Block: Kite shield       |     6 |    33 ||    39

Table legend:
 A = Non-vault XP
 B = Vault XP
 C = Vault XP percentage of total XP
 D = Non-vault monster count
 E = Vault monster count
 F = Vault count percentage of total count
                 A         B        C        D         E       F
            +---------+---------+-------+---------+---------+-------
      Total |     181 |      32 |  15.0 |      74 |       1 |   1.3
            +---------+---------+-------+---------+---------+-------
        D:1 |      75 |       0 |   0.0 |      34 |       0 |   0.0
        D:2 |      69 |      32 |  31.7 |      23 |       1 |   4.2
        D:3 |      37 |       0 |   0.0 |      17 |       0 |   0.0
            +---------+---------+-------+---------+---------+-------
